 Dungeon Crawl Stone Soup version 0.27-a0-668-gb5737ff2c0 (webtiles) character file.

Game seed: 13483440272846832686

157 rageheart7 the Ducker (level 5, -3/47 HPs)
             Began as a Gnoll Monk on Mar 17, 2021.
             Killed from afar by an orc wizard (9 damage)
             ... with a magic dart
             ... on level 3 of the Dungeon.
             The game lasted 00:02:11 (2122 turns).

rageheart7 the Ducker (Gnoll Monk)                  Turns: 2122, Time: 00:02:12

Health: -3/47      AC:  2    Str: 11    XL:     5   Next: 38%
Magic:  7/7        EV: 15    Int:  9    God:
Gold:   45         SH:  0    Dex: 15    Spells: 6/6 levels left

rFire    . . .     SeeInvis .   f - +1 short sword (drain)
rCold    . . .     Faith    .   (no shield)
rNeg     . . .     Spirit   .   b - +0 robe
rPois    .         Reflect  .   (no helmet)
rElec    .         Harm     .   (no cloak)
rCorr    .         Rampage  .   (no gloves)
Will     .....                  (no boots)
Stlth    +++.......             (no amulet)
HPRegen  0.15/turn              (no ring)
MPRegen  0.10/turn              (no ring)

@: no status effects
A: fangs 1, strong nose, distributed training
a: no special abilities


You were on level 3 of the Dungeon.
You visited 1 branch of the dungeon, and saw 3 of its levels.

You collected 45 gold pieces.

Inventory:

Hand Weapons
 f - a +1 short sword of draining (weapon)
Armour
 b - a +0 robe (worn)
Scrolls
 e - a scroll of amnesia {unknown}
 i - a scroll of blinking {unknown}
Potions
 c - a potion of magic {unknown}
 d - a potion of berserk rage {unknown}
 g - a potion of heal wounds {unknown}
 h - a potion of brilliance {unknown}


   Skills:
 + Level 6.7 Fighting
 + Level 6.7 Short Blades
 + Level 1.4 Long Blades
 + Level 1.4 Axes
 + Level 1.4 Maces & Flails
 + Level 1.4 Polearms
 + Level 1.4 Staves
 + Level 1.4 Slings
 + Level 1.4 Bows
 + Level 1.4 Crossbows
 + Level 1.4 Throwing
 + Level 1.4 Armour
 + Level 6.7 Dodging
 + Level 4.4 Stealth
 + Level 1.4 Shields
 + Level 1.4 Unarmed Combat
 + Level 1.4 Spellcasting
 + Level 1.1 Conjurations
 + Level 1.1 Hexes
 + Level 1.1 Summonings
 + Level 1.1 Necromancy
 + Level 1.1 Translocations
 + Level 1.1 Transmutations
 + Level 1.1 Fire Magic
 + Level 1.1 Ice Magic
 + Level 1.1 Air Magic
 + Level 1.1 Earth Magic
 + Level 1.1 Poison Magic
 + Level 1.6 Invocations
 + Level 1.4 Evocations


You had 6 spell levels left.
You didn't know any spells.
Your spell library was empty.

Dungeon Overview and Level Annotations

Branches:
Dungeon (3/15)

Altars:

Shops:
D:2 (


Innate Abilities, Weirdness & Mutations

You have very sharp teeth.
Your uncanny sense of smell can sniff out nearby items.
Your experience applies equally to all skills.


Message History

You're too confused to attack without stumbling around!
You're too confused to attack without stumbling around!
You hit the orc.
The orc is almost dead.
The orc barely misses you.
You hear some strange, mumbled words.
Something tries to affect you, but you resist.
Something completely misses you.
You miss something.
You're too confused to move!
Something hits you. The orc completely misses you.
Something hits you but does no damage.
You bump into the rock wall.
Something hits you. The orc closely misses you.
You hit something but do no damage. Your bite misses something.
You hear some strange, mumbled words.
A puff of flame appears from out of thin air!
The puff of flame hits you! The orc misses you.
You puncture the orc!
You kill the orc!
You feel less confused.
You hear some strange, mumbled words.
Something tries to affect you, but you resist.
You hit something but do no damage. You bite something.
You hear some strange, mumbled words.
You are confused.
You barely miss something. You closely miss something.
Your bite misses something. Something barely misses you.
Something completely misses you.
You're too confused to move!
Something hits you. Something hits you.
* * * LOW HITPOINT WARNING * * *
Something hits you.
* * * LOW HITPOINT WARNING * * *
It was a potion of curing.
You feel better. Something hits you.
* * * LOW HITPOINT WARNING * * *
You barely miss something. You bite something.
You hear some strange, mumbled words.
A magic dart appears from out of thin air!
The magic dart hits you!
You die...

## ## #.. .# #.####.#
#.#....# #.#....
∆#"#..#
##########.#..#
...#.....†...#######
###.#.#.....{@.......
#......<.#.#)########
# #.#.#.##.#.#... #.
#.#.#.#........#
#.##.#.#....#.###.#
#...........#... .#
###.###.###.###. .#
..^.# .# .# ###.###+#
#


There were no monsters in sight!

Vanquished Creatures
  2 hounds (D:2)
  A gnoll (D:1)
  2 adders (D:2)
  2 oozes (D:1)
  A worm (D:2)
  2 dart slugs
  2 orcs (D:3)
  A ball python (D:1)
  A giant cockroach (D:2)
  6 goblins
  6 hobgoblins
  10 jackals (D:1)
  4 kobolds
  A quokka (D:1)
  2 bats (D:1)
  2 frilled lizards
  9 rats
54 creatures vanquished.

Notes
Turn   | Place    | Note
-------+----------+-------------------------------------------
     0 | D:1      | rageheart7 the Gnoll Monk began the quest for the Orb.
     0 | D:1      | Reached XP level 1. HP: 23/23 MP: 1/1
   276 | D:1      | Reached XP level 2. HP: 21/29 MP: 2/2
   446 | D:1      | Reached XP level 3. HP: 24/35 MP: 3/3
   792 | D:1      | Reached skill level 1 in Invocations
  1090 | D:1      | Reached skill level 1 in Long Blades
  1090 | D:1      | Reached skill level 1 in Axes
  1090 | D:1      | Reached skill level 1 in Maces & Flails
  1090 | D:1      | Reached skill level 1 in Polearms
  1090 | D:1      | Reached skill level 1 in Staves
  1090 | D:1      | Reached skill level 1 in Slings
  1090 | D:1      | Reached skill level 1 in Bows
  1090 | D:1      | Reached skill level 1 in Crossbows
  1090 | D:1      | Reached skill level 1 in Throwing
  1090 | D:1      | Reached skill level 1 in Armour
  1090 | D:1      | Reached skill level 1 in Shields
  1090 | D:1      | Reached skill level 1 in Unarmed Combat
  1090 | D:1      | Reached skill level 1 in Spellcasting
  1090 | D:1      | Reached skill level 1 in Evocations
  1287 | D:2      | Reached XP level 4. HP: 41/41 MP: 5/5
  1307 | D:2      | Reached skill level 1 in Conjurations
  1307 | D:2      | Reached skill level 1 in Hexes
  1307 | D:2      | Reached skill level 1 in Summonings
  1307 | D:2      | Reached skill level 1 in Necromancy
  1307 | D:2      | Reached skill level 1 in Translocations
  1307 | D:2      | Reached skill level 1 in Transmutations
  1307 | D:2      | Reached skill level 1 in Fire Magic
  1307 | D:2      | Reached skill level 1 in Ice Magic
  1307 | D:2      | Reached skill level 1 in Air Magic
  1307 | D:2      | Reached skill level 1 in Earth Magic
  1307 | D:2      | Reached skill level 1 in Poison Magic
  1426 | D:2      | Reached XP level 5. HP: 39/47 MP: 6/6
  1728 | D:2      | Found Tugiplon's Antique Weapon Shop.
  2122 | D:3      | Killed from afar by an orc wizard

Illustrated notes

Levels and vault maps discovered:
D:1:      scummos_arrival_simple_fountains, layout_loops_corners
D:2:      layout_loops_ring, serial_shops, shop
D:3:      layout_basic, lemuel_doored_altar, kennysheep_decorative_pillar

Skill      XL: |  1  2  3  4 |
---------------+-------------+-----
Invocations    | 1 |  1.6
Long Blades    | 1 |  1.4
Axes           | 1 |  1.4
Maces & Flails | 1 |  1.4
Polearms       | 1 |  1.4
Staves         | 1 |  1.4
Slings         | 1 |  1.4
Bows           | 1 |  1.4
Crossbows      | 1 |  1.4
Throwing       | 1 |  1.4
Armour         | 1 |  1.4
Shields        | 1 |  1.4
Unarmed Combat | 1 |  1.4
Spellcasting   | 1 |  1.4
Evocations     | 1 |  1.4
Conjurations   | 1 |  1.1
Hexes          | 1 |  1.1
Summonings     | 1 |  1.1
Necromancy     | 1 |  1.1
Translocations | 1 |  1.1
Transmutations | 1 |  1.1
Fire Magic     | 1 |  1.1
Ice Magic      | 1 |  1.1
Air Magic      | 1 |  1.1
Earth Magic    | 1 |  1.1
Poison Magic   | 1 |  1.1
Fighting       | |  6.7
Short Blades   | |  6.7
Dodging        | |  6.7
Stealth        | |  4.4

Action                   |  1- 3 |  4- 6 || total
-------------------------+-------+-------++-------
Melee: Short sword       |    80 |    62 ||   142
       Bite              |     9 |     9 ||    18
       Punch             |     1 |       ||     1
  Use: Potion            |       |     1 ||     1
 Stab: Sleeping          |     9 |     5 ||    14
Armor: Robe              |     9 |     3 ||    12
Dodge: Dodged            |    39 |    27 ||    66

Table legend: (Time is in decaauts)
 A = Elapsed time spent in this place.
 B = Non-inter-level travel time spent in this place.
 C = Inter-level travel time spent in this place.
 D = Time resting spent in this place.
 E = Time spent auto-exploring this place.
 F = Levels seen in this place.
 G = Mean time per level.
                   A        B        C        D        E       F      G
               +--------+--------+--------+--------+--------+-----+--------+
         Total |   2088 |   2039 |     49 |    275 |   1440 |   3 |  696.0 |
       Dungeon |   2088 |   2039 |     49 |    275 |   1440 |   3 |  696.0 |
               +--------+--------+--------+--------+--------+-----+--------+

Top non-repeatable levels by time:
     D:1: 1260 daAuts
     D:2: 774 daAuts
     D:3: 54 daAuts
